 Dungeon Crawl Stone Soup version 0.29.1-1-gd02db6906a (console) character file.

Game seed: 6174556180350970884

54 om the Poker (level 3, 0/28 HPs)
             Began as a Merfolk Gladiator on Oct 21, 2022.
             Frozen to death by an endoplasm (5 damage)
             ... on level 2 of the Dungeon.
             The game lasted 00:01:47 (1128 turns).

om the Poker (Merfolk Gladiator)                    Turns: 1128, Time: 00:01:49

Health: 0/28       AC:  4    Str: 16    XL:     3   Next: 91%
Magic:  3/3        EV: 13    Int:  7    God:
Gold:   115        SH:  0    Dex: 15    Spells: 2/2 levels left

rFire   . . .      SeeInvis .   a - +0 trident
rCold   . . .      Faith    .   (no shield)
rNeg    . . .      Spirit   .   b - +0 leather armour
rPois   .          Reflect  .   c - +0 helmet
rElec   .          Harm     .   (no cloak)
rCorr   .          Rampage  .   (no gloves)
Will    .....                   (no boots)
Stlth   +.........              (no amulet)
HPRegen 0.09/turn               (no ring)
MPRegen 0.08/turn               (no ring)

@: slowed, very slow
A: (nimble swimmer 2), mertail
a: no special abilities


You were on level 2 of the Dungeon.
You visited 1 branch of the dungeon, and saw 2 of its levels.

You collected 115 gold pieces.

Inventory:

Hand Weapons
 a - a +0 trident (weapon)
Missiles
 d - 3 throwing nets (quivered)
 e - a javelin
Armour
 b - a +0 leather armour (worn)
 c - a +0 helmet (worn)
Wands
 k - a wand of mindburst (6)
Scrolls
 j - a scroll of amnesia
Potions
 f - a potion of curing
 g - a potion of attraction {unknown}
 h - a potion of brilliance
 i - 2 potions of ambrosia


   Skills:
 + Level 2.7 Fighting
 * Level 5.0 Polearms
 - Level 2.0 Throwing
 * Level 5.0 Dodging


You had 2 spell levels left.
You didn't know any spells.
Your spell library was empty.

Dungeon Overview and Level Annotations

Branches:
Dungeon (2/15)

Altars:
Dithmenos

Annotations:
D:2 Jessica


Innate Abilities, Weirdness & Mutations

((You are very nimble when in or above water. (Stealth+, EV+, Speed+++)))
Your lower body shifts to a powerful aquatic tail in water.


Message History

Jessica is lightly wounded.
Jessica misses you.
The frilled lizard bites you but does no damage.
You hit Jessica.
Jessica is moderately wounded.
Jessica gestures at you while chanting.
You feel yourself slow down. Jessica hits you but does no damage.
The frilled lizard misses you.
You barely miss Jessica.
Jessica is moderately wounded.
Jessica completely misses you. Jessica gestures at you while chanting.
You resist with some effort.
The frilled lizard hisses.
The frilled lizard bites you.
You hit Jessica.
Jessica is heavily wounded.
Jessica hits you with a +0 dagger.
The frilled lizard bites you but does no damage.
Jessica hits you with a +0 dagger.
* * * LOW HITPOINT WARNING * * *
The frilled lizard bites you but does no damage.
The endoplasm closely misses you. Jessica hits you with a +0 dagger.
* * * LOW HITPOINT WARNING * * *
You hit Jessica.
Jessica is severely wounded.
Jessica gestures at you while chanting. You resist with some effort.
The endoplasm closely misses you. The frilled lizard closely misses you.
Jessica gestures at you while chanting.
You feel as though you will be slow longer.
The frilled lizard misses you. The endoplasm completely misses you.
You barely miss Jessica.
Jessica is severely wounded.
Jessica hits you with a +0 dagger.
* * * LOW HITPOINT WARNING * * *
Jessica closely misses you. The endoplasm freezes you.
You are frozen.
You die...

... ....). ....
....>..
....#####........
..................
#.................
#.................
#.....l@J.........
.#####@.........
..............#
......$.......#
..........†...#
.....##....##.#
..............#
..............#
..............#
#...........#
#...........#
...........#


You could see Jessica (fast), an endoplasm and a frilled lizard.

Vanquished Creatures
  An adder (D:2)
  2 dart slugs (D:1)
  2 endoplasms (D:1)
  A giant cockroach (D:2)
  2 goblins (D:1)
  3 hobgoblins
  4 jackals (D:1)
  3 quokkas (D:1)
  3 ball pythons (D:1)
  5 bats
  8 kobolds (D:1)
  4 rats
38 creatures vanquished.

Notes
Turn   | Place    | Note
-------+----------+-------------------------------------------
     0 | D:1      | om the Merfolk Gladiator began the quest for the Orb.
     0 | D:1      | Reached XP level 1. HP: 16/16 MP: 1/1
   104 | D:1      | Reached XP level 2. HP: 19/23 MP: 2/2
   440 | D:1      | Reached XP level 3. HP: 27/28 MP: 3/3
  1004 | D:2      | Reached skill level 5 in Polearms
  1069 | D:2      | Found a shadowy altar of Dithmenos.
  1113 | D:2      | Reached skill level 5 in Dodging
  1114 | D:2      | Noticed Jessica
  1128 | D:2      | Frozen to death by an endoplasm

Illustrated notes

Levels and vault maps discovered:
D:1:      dpeg_arrival_shrine, layout_loops_ring
D:2:      layout_basic, basic_altar, minmay_liquid_box, uniq_sigmund,
          uniq_jessica

Skill      XL: |  1  2  3 |
---------------+----------+-----
Polearms       | 5 |  5.0
Dodging        | 5 |  5.0
Fighting       | |  2.7
Throwing       | |  2.0

Action                   || total
-------------------------++-------
Melee: Trident           ||   108
       Punch             ||     1
  Use: Scroll            ||     4
 Stab: Sleeping          ||     2
Armor: Leather armour    ||    27
Dodge: Dodged            ||    66
